AoeStats
← miguelon01

Fortress

507617031Analyzed
4v4 RM · 14d ago on Sep 19, 2026· 53m 38s· 8 players
Game mode
Random Map
Map size
Huge
Population
200
Speed
Normal
Resources
Standard
Victory
Conquest
Starting age
Dark Age
Ending age
Imperial Age
RankedLock teamsTeams togetherTeam positionsShared explorationLock speedFull tech treeHidden civsTurbo modeCheats
Victory
Defeat
🇦🇷 Turks · Argentina
1150
+14
🇰🇷 Koreans · South Korea
1149
+14
🇧🇷 Burgundians · Brazil
1110
+15
🇻🇳 Khmer · Vietnam
1053
+17
🇺🇸 Teutons · United States
1124
-17
🇺🇸 Mongols · United States
1101
-15
🇺🇸 Lithuanians · United States
1099
-15
🇺🇸 Persians · United States
1049
-13
Brazy_Boy4
0:50 Loom
7:43 Feudal Age
8:54 Double-Bit Axe
13:34 Castle Age
12:20 Horse Collar
15:14 Heavy Plow
16:52 Wheelbarrow
27:05 Bloodlines
34:08 Imperial Age
35:04 Stone Mining
35:45 Bow Saw
36:14 Cavalier
38:10 Forging
38:06 Scale Barding Armor
38:26 Hand Cart
40:50 Iron Casting
41:51 Chemistry
41:16 Paladin
42:41 Husbandry
43:07 Chain Barding Armor
43:39 Caravan
45:05 Plate Barding Armor
45:01 Town Watch
53:49 Crop Rotation
54:23 Two-Man Saw
Cupah_J0E
9:11 Feudal Age
12:52 Castle Age
10:40 Double-Bit Axe
12:33 Horse Collar
12:44 Gold Mining
12:45 Stone Mining
14:30 Heavy Plow
14:42 Bow Saw
19:13 Wheelbarrow
20:29 Loom
21:05 Scale Barding Armor
22:36 Light Cavalry
23:31 Bloodlines
24:33 Forging
25:11 Chain Barding Armor
25:31 Hand Cart
27:00 Iron Casting
26:28 Town Watch
27:42 Fletching
30:35 Imperial Age
28:19 Bodkin Arrow
29:13 Town Patrol
32:15 Two-Man Saw
31:51 Gold Shaft Mining
31:51 Stone Shaft Mining
32:32 Blast Furnace
32:07 Plate Barding Armor
31:59 Citadels
32:30 Conscription
31:33 Elite War Elephant
32:47 Padded Archer Armor
32:49 Scale Mail Armor
32:55 Devotion
36:44 Chain Mail Armor
36:45 Leather Archer Armor
36:54 Caravan
37:27 Coinage
37:08 Guilds
41:17 Ring Archer Armor
41:18 Plate Mail Armor
42:32 Chemistry
41:43 Masonry
42:08 Banking
45:16 Pikeman
45:56 Squires
45:42 Arson
47:10 Architecture
48:22 Halberdier
nsimeone11
7:31 Feudal Age
11:38 Castle Age
9:53 Double-Bit Axe
10:10 Horse Collar
13:00 Bow Saw
14:19 Heavy Plow
18:02 Wheelbarrow
20:15 Hand Cart
19:46 Loom
19:55 Gold Mining
19:57 Stone Mining
24:50 Bloodlines
26:11 Forging
26:06 Scale Barding Armor
26:06 Fletching
26:16 Padded Archer Armor
27:43 Bloodlines
27:33 Husbandry
30:57 Imperial Age
28:25 Bodkin Arrow
29:05 Iron Casting
28:51 Chain Barding Armor
30:15 Gold Shaft Mining
30:15 Stone Shaft Mining
30:15 Ballistics
30:12 Leather Archer Armor
31:02 Elite Mangudai
32:03 Conscription
31:44 Bracer
32:45 Blast Furnace
31:32 Town Watch
31:21 Elite Steppe Lancer
32:31 Town Patrol
33:36 Chemistry
35:22 Caravan
44:31 Heavy Camel Rider
46:05 Light Cavalry
47:50 Hussar
Hunter5842
8:53 Feudal Age
12:22 Castle Age
10:31 Double-Bit Axe
10:40 Stone Mining
11:05 Horse Collar
13:49 Bow Saw
13:26 Loom
14:02 Loom
14:18 Pikeman
15:12 Town Watch
16:04 Fortified Wall
24:20 Fletching
27:29 Heavy Plow
28:51 Scale Barding Armor
28:57 Forging
29:36 Bloodlines
30:34 Wheelbarrow
33:16 Imperial Age
32:14 Chain Barding Armor
32:38 Iron Casting
33:46 Gold Mining
34:18 Conscription
33:30 Cavalier
34:57 Plate Barding Armor
36:35 Blast Furnace
36:14 Hand Cart
36:39 Paladin
(PNG) Adrogue_PR
7:28 Feudal Age
8:29 Loom
11:32 Castle Age
10:08 Double-Bit Axe
10:23 Horse Collar
12:53 Bow Saw
16:25 Padded Archer Armor
17:38 Wheelbarrow
18:00 Gold Mining
19:05 Leather Archer Armor
20:21 Hand Cart
21:05 Town Watch
24:56 Imperial Age
24:48 Heavy Plow
26:08 Stone Mining
27:08 Conscription
29:11 Ring Archer Armor
28:06 Elite Janissary
41:29 Gold Shaft Mining
41:26 Scale Mail Armor
41:36 Forging
45:54 Artillery
46:08 Artillery
48:18 Bombard Tower
HaBeeMo
0:54 Loom
6:31 Feudal Age
6:52 Horse Collar
7:59 Loom
13:25 Castle Age
12:03 Double-Bit Axe
12:24 Fletching
14:18 Heavy Plow
16:20 Wheelbarrow
17:21 Crossbowman
18:57 Fervor
20:37 Bow Saw
22:20 Hand Cart
25:57 Gold Mining
29:42 Imperial Age
28:05 Ballistics
27:57 Masonry
27:46 Bodkin Arrow
28:47 Fortified Wall
29:19 Gold Shaft Mining
28:34 Stone Mining
30:15 Heavy Rocket Cart
31:17 Shinkichon
31:18 Conscription
31:11 Bracer
31:26 Arbalester
32:11 Thumb Ring
33:41 Chemistry
33:04 Thumb Ring
34:39 Two-Man Saw
35:22 Stone Shaft Mining
36:00 Siege Engineers
35:57 Eupseong
38:21 Murder Holes
39:37 Elite Skirmisher
45:44 Caravan
48:05 Architecture
47:15 Treadmill Crane
51:24 Forging
51:14 Scale Mail Armor
50:36 Pikeman
51:17 Squires
52:05 Halberdier
53:02 Chain Mail Armor
53:22 Iron Casting
miguelon01
4:36 Double-Bit Axe
4:52 Horse Collar
8:12 Wheelbarrow
7:51 Gold Mining
9:34 Feudal Age
14:56 Castle Age
13:14 Bow Saw
15:25 Pikeman
18:01 Squires
20:30 Forging
21:21 Loom
25:48 Heavy Plow
31:59 Imperial Age
30:37 Scale Barding Armor
32:01 Chain Barding Armor
31:04 Cavalier
31:45 Husbandry
32:02 Light Cavalry
32:29 Paladin
33:57 Hussar
35:18 Stone Mining
36:45 Gold Shaft Mining
38:48 Iron Casting
38:53 Plate Barding Armor
40:42 Blast Furnace
40:34 Scale Mail Armor
40:25 Fletching
40:54 Padded Archer Armor
42:25 Arson
49:51 Hand Cart
52:29 Two-Man Saw
KhmerEmpire9164
2:35 Loom
9:08 Feudal Age
10:59 Horse Collar
13:24 Castle Age
11:12 Double-Bit Axe
11:37 Stone Mining
12:47 Gold Mining
13:38 Wheelbarrow
14:48 Bow Saw
15:32 Heavy Plow
31:32 Imperial Age
29:25 Hand Cart
29:45 Scale Barding Armor
29:51 Forging
30:23 Gold Shaft Mining
31:44 Stone Shaft Mining
31:32 Chain Barding Armor
31:22 Husbandry
31:33 Bloodlines
30:43 Light Cavalry
32:00 Iron Casting
32:30 Ballistics
32:06 Murder Holes
32:35 Double Crossbow
32:57 Conscription
32:16 Elite Ballista Elephant
33:49 Plate Barding Armor
34:39 Blast Furnace
33:42 Tusk Swords
34:12 Siege Engineers
35:08 Chemistry
34:28 Town Watch
34:33 Hussar
39:46 Elite Battle Elephant
40:30 Town Patrol
42:00 Crop Rotation
50:58 Caravan
53:08 Capped Ram
Connection lost

Rejoining the realm…

Still unreachable

The connection could not be restored.

Session expired

The server has moved on; the page needs a fresh start.